 Dungeon Crawl Stone Soup version 0.29-a0-563-g64e4043184 (webtiles) character file.

Game seed: 11740872919585990226

1752 xian the Cutter (level 8, -3/61 HPs)
             Began as a Demonspawn Gladiator on June 11, 2022.
             Was a Follower of Wu Jian.
             Slain by a gnoll
             ... wielding a +0 spear
             ... led by a gnoll shaman
              (5 damage)
             ... on level 6 of the Dungeon.
             The game lasted 00:13:47 (5344 turns).

xian the Cutter (Demonspawn Gladiator)              Turns: 5344, Time: 00:13:47

Health: -3/61      AC:  3    Str: 21    XL:     8   Next: 78%
Magic:  8/8        EV: 14    Int: 15    God:    Wu Jian [*.....]
Gold:   71         SH:  0    Dex: 19    Spells: 7/7 levels left

rFire   . . .      SeeInvis +   w - +11 dagger of the Messenger {flame, rN+ Dex+4}
rCold   . . .      Faith    .   (no shield)
rNeg    + . .      Spirit   .   b - +0 leather armour
rPois   .          Reflect  .   y - +0 hat of Shadows and Fog {Str+4}
rElec   .          Harm     .   (no cloak)
rCorr   .          Rampage  .   (no gloves)
Will    .....                   (no boots)
Stlth   +++.......              v - amulet of magic regeneration
HPRegen 0.20/turn               l - +6 ring of intelligence
MPRegen 0.51/turn               A - ring of see invisible

@: marked
A: antennae 1, claws 1, hooves 2
a: Renounce Religion


You were on level 6 of the Dungeon.
You worshipped Wu Jian.
Wu Jian was aware of your devotion.
You visited 2 branches of the dungeon, and saw 7 of its levels.

You collected 287 gold pieces.
You spent 216 gold pieces at shops.

Inventory:

Hand Weapons
 a - a +0 long sword
 h - a +1 short sword of venom
 w - the +11 dagger of the Messenger (weapon) {flame, rN+ Dex+4}
   (You found it on level 3 of the Dungeon)

   It burns those it strikes, dealing additional fire damage.
   Dex:       It affects your dexterity (+4).
   rN:        It protects you from negative energy.
 G - a +4 hunting sling
Missiles
 d - 3 throwing nets
 e - a javelin
 m - 13 poisoned darts (quivered)
 t - 4 curare-tipped darts
Armour
 b - a +0 leather armour (worn)
 c - a +0 helmet
 y - the +0 hat of Shadows and Fog (worn) {Str+4}
   (You bought it in a shop on level 4 of the Dungeon)

   Str:       It affects your strength (+4).
Jewellery
 l - a +6 ring of intelligence (left claw)
 p - a ring of fire
 v - an amulet of magic regeneration (around neck)
 A - a ring of see invisible (right claw)
 F - a ring of fire
Scrolls
 f - 3 scrolls of fog
 i - 5 scrolls of fear
 n - 5 scrolls of teleportation
 q - 3 scrolls of enchant weapon
 r - a scroll of vulnerability {unknown}
 B - a scroll of immolation {unknown}
 H - a scroll of noise {unknown}
Potions
 g - 2 potions of berserk rage
 j - a potion of mutation
 k - 2 potions of resistance
 o - a potion of lignification
 s - a potion of degeneration {unknown}
 u - a potion of attraction
 x - 6 potions of curing
 z - a potion of cancellation {unknown}
 C - a potion of magic {unknown}
 D - a potion of flight {unknown}
 E - 3 potions of heal wounds {unknown}


   Skills:
 + Level 4.4 Fighting
 + Level 5.6(6.1) Short Blades
 + Level 3.4(5.0) Long Blades
 + Level 2.1 Throwing
 + Level 4.2 Armour
 + Level 5.0 Dodging
 + Level 3.8 Stealth


You had 7 spell levels left.
You didn't know any spells.
Your spell library contained the following spells:

 Spells                   Type           Power      Damage    Failure   Level
 Apportation              Tloc           0%         N/A       30%         1
 Necrotize                Necr           0%         1d4       30%         1
 Summon Small Mammal      Summ           0%         N/A       30%         1
 Call Canine Familiar     Summ           0%         N/A       67%         3
 Summon Guardian Golem    Hex/Summ       0%         N/A       67%         3
 Orb of Destruction       Conj           0%         9d5       100%        7
 Spellforged Servitor     Conj/Summ      0%         N/A       100%        7


Dungeon Overview and Level Annotations

Branches:
Dungeon (6/15)             Temple (1/1) D:5

Altars:
Dithmenos
Elyvilon
Fedhas
Hepliaklqana
Kikubaaqudgha
Qazlal
Uskayaw
Wu Jian

Shops:
D:3 **?[(   D:4 [!

Annotations:
D:3 shops, 1 runed translucent door, avis's ghost, weakling DgHu


Innate Abilities, Weirdness & Mutations

You have a pair of small antennae on your head.
You have sharp fingernails.
You have hoof-like feet.


Message History

Found 3 poisoned darts and 19 stones.
The gnoll shaman calls upon its god to speed up something.
The ice beast attacks as you move away! The ice beast misses you.
A gnoll comes into view. It is wielding a +0 spear.
You barely miss the ice beast.
The ice beast is lightly wounded.
The ice beast hits you but does no damage.
You closely miss the ice beast. Your kick misses the ice beast.
The ice beast is lightly wounded.
The ice beast closely misses you.
You puncture the ice beast!
You melt the ice beast.
The ice beast is severely wounded.
You barely miss the ice beast. Your kick misses the ice beast.
The ice beast is severely wounded.
The ice beast hits you but does no damage.
An iguana comes into view.
A gnoll comes into view. It is wielding a +0 spear.
You puncture the ice beast!
You melt the ice beast!
You kill the ice beast!
The Council accepts your kill.
You puncture the gnoll! You burn the gnoll.
You kill the gnoll!
The Council accepts your kill.
You can now lightly attack monsters by moving around them.
The gnoll barely misses you.
You hit the gnoll. You burn the gnoll.
The gnoll is moderately wounded.
You hit the gnoll. You burn the gnoll. You kick the gnoll.
You kill the gnoll!
The Council accepts your kill.
You completely miss the steam dragon.
You kick the steam dragon, but do no damage.
The steam dragon breathes steam at you. The ball of steam hits you!!
* * * LOW HITPOINT WARNING * * *
You closely miss the steam dragon.
You are engulfed in a cloud of scalding steam.
* * * LOW HITPOINT WARNING * * *
The gnoll hits you from afar with a +0 spear.
You die...

.........## ##.#.##).# #.# .##
..####.#..# #..#.###.## #F# ..##
#...#..##............)####g##....
###...## ##.####.........<......?
#.....# #.# ####...#)...)..≈≈≈
#..##.# # ###....)...⌠≈≈≈ #.##
... ########....§..≈≈≈ ..# ##.#
#§Dggl............ #.## #
###@####......§..... #. #.§§#
#.###......## #.
#..(.§§.g..g.....######
#.###....F........
#...............
#................
#...............#. #...........
#...........


You could see a steam dragon (catching breath), a bullfrog, a gnoll shaman, an
iguana and 2 gnolls.

Vanquished Creatures
  Grinder (D:3)
  A water moccasin (D:3)
  2 ice beasts
  3 ogres (D:5)
  2 phantoms
  A bullfrog (D:6)
  2 necrophages
  A scorpion (D:4)
  A howler monkey (D:6)
  A gnoll shaman (D:5)
  7 hounds
  A jelly (D:4)
  Jessica (D:3)
  An iguana (D:5)
  Terence (D:3)
  11 gnolls
  8 adders
  A shadow imp (D:6)
  A white imp (D:5)
  A worm (D:4)
  5 dart slugs
  3 orcs
  4 endoplasms
  2 giant cockroaches
  4 goblins
  8 hobgoblins
  3 jackals (D:5)
  5 quokkas
  9 ball pythons
  3 bats
  3 frilled lizards
  6 kobolds
  4 rats
107 creatures vanquished.

Vanquished Creatures (others)
  A gnoll (D:6)
  A plant (D:3)
  2 withered plants (D:3)
4 creatures vanquished.

Grand Total: 111 creatures vanquished

Notes
Turn   | Place    | Note
-------+----------+-------------------------------------------
     0 | D:1      | xian the Demonspawn Gladiator began the quest for the Orb.
     0 | D:1      | Reached XP level 1. HP: 16/16 MP: 1/1
   117 | D:1      | Discovered your monstrous ancestry.
   117 | D:1      | Gained mutation: You have sharp fingernails. [demonic
                  | ancestry]
   117 | D:1      | Reached XP level 2. HP: 22/22 MP: 2/2
   318 | D:1      | Found a faded altar of an unknown god.
   806 | D:2      | Reached XP level 3. HP: 27/27 MP: 3/3
  1665 | D:3      | Found Zuipn's Magic Scroll Boutique.
  1681 | D:3      | Found Wahisch's General Store.
  1705 | D:3      | Found Levvoic's Weapon Emporium.
  1737 | D:3      | Noticed Grinder
  1753 | D:3      | Killed Grinder
  1754 | D:3      | Reached skill level 1 in Armour
  1754 | D:3      | Reached XP level 4. HP: 34/34 MP: 4/4
  1754 | D:3      | Gained mutation: You have large cloven feet. [demonic
                  | ancestry]
  1754 | D:3      | Reached XP level 5. HP: 39/39 MP: 5/5
  1806 | D:3      | Found a hide-covered altar of Uskayaw.
  1806 | D:3      | Found a blossoming altar of Fedhas.
  1806 | D:3      | Found a hazy altar of Hepliaklqana.
  1929 | D:3      | Found Qeniz's General Store.
  1944 | D:3      | Noticed Jessica
  1950 | D:3      | Killed Jessica
  1957 | D:3      | Reached XP level 6. HP: 40/46 MP: 6/6
  2309 | D:3      | Noticed Terence
  2312 | D:3      | Found a runed translucent door.
  2314 | D:3      | Killed Terence
  2315 | D:3      | Noticed avis's ghost (weakling DgHu)
  2543 | D:3      | Identified the +11 dagger of the Messenger {flame, rN+
                  | Dex+4}
  2618 | D:3      | Noticed a water moccasin
  2621 | D:3      | Found Iqutis's Armour Emporium.
  2627 | D:3      | Killed a water moccasin
  2628 | D:3      | Reached skill level 1 in Stealth
  2987 | D:4      | Gained mutation: You have a pair of small antennae on your
                  | head. [demonic ancestry]
  2987 | D:4      | Reached XP level 7. HP: 37/51 MP: 7/7
  3116 | D:4      | Found Waedenum's Antique Armour Shop.
  3127 | D:4      | Found Xudyih's Distillery.
  3169 | D:4      | Bought a masterwork hat for 216 gold pieces
  3169 | D:4      | Identified the +0 hat of Shadows and Fog {Str+4} (You
                  | bought it in a shop on level 4 of the Dungeon)
  4029 | D:5      | Entered Level 5 of the Dungeon
  4323 | D:5      | Gained mutation: You have hoof-like feet. [demonic
                  | ancestry]
  4323 | D:5      | Reached XP level 8. HP: 45/59 MP: 8/8
  4645 | D:5      | Found a staircase to the Ecumenical Temple.
  4665 | D:5      | Reached skill level 5 in Short Blades
  4676 | Temple   | Entered the Ecumenical Temple
  4730 | Temple   | Became a worshipper of the Wu Jian Council
  5323 | D:6      | Reached skill level 5 in Dodging
  5338 | D:6      | Reached * piety under Wu Jian
  5344 | D:6      | HP: 2/61 [steam dragon] (7)]
  5344 | D:6      | Slain by a gnoll

Illustrated notes

Levels and vault maps discovered:
D:1:      dpeg_arrival_round_c, layout_rooms, nicolae_ecumenical_lake_church
D:2:      layout_basic
D:3:      layout_loops_ring, gammafunk_temple_overflow_forgotten,
          gammafunk_ghost_grave, serial_shops, shop, shop, shop,
          nicolae_shop_bloodbath_and_beyond, shop, minmay_statues_item,
          minmay_cupped, uniq_terence, uniq_grinder, uniq_jessica
D:4:      layout_loops_ring, serial_shops, shop_coins, nicolae_shop_statue_plus,
          kennysheep_potato
D:5:      layout_loops_cross, minmay_temple_entry_drinking_statues,
          nicolae_underground_beach
D:6:      layout_rooms, nemelex_altar_shiori, corexii_leaking_fountain,
          serial_park_tiny_pond
Temple:   mainiacjoe_temple_coin_purse

Skill      XL: |  1  2  3  4  5  6  7  8 |
---------------+-------------------------+-----
Long Blades    | 3 |  3.4
Dodging        | 3 4 5 |  5.0
Short Blades   | 2 3 4 5 |  5.6
Armour         | 1 2 3 4 |  4.2
Stealth        | 1 2 3 |  3.8
Fighting       | 3 4 |  4.4
Throwing       | 2 |  2.1

Action                   |  1- 3 |  4- 6 |  7- 9 || total
-------------------------+-------+-------+-------++-------
Melee: Short sword       |    93 |    50 |       ||   143
       Long sword        |     3 |       |       ||     3
       Kick              |       |    15 |    33 ||    48
       Dagger            |       |    12 |   135 ||   147
       Punch             |       |       |     4 ||     4
Throw: Dart              |       |       |     3 ||     3
Invok: Lunge             |       |       |     9 ||     9
  Use: Scroll            |     8 |     4 |       ||    12
       Potion            |     1 |     3 |       ||     4
 Stab: Sleeping          |       |     1 |     5 ||     6
Armor: Leather armour    |    30 |    10 |    15 ||    55
Dodge: Dodged            |    72 |    38 |    60 ||   170

Table legend: (Time is in decaauts)
 A = Elapsed time spent in this place.
 B = Non-inter-level travel time spent in this place.
 C = Inter-level travel time spent in this place.
 D = Time resting spent in this place.
 E = Time spent auto-exploring this place.
 F = Levels seen in this place.
 G = Mean time per level.
                   A        B        C        D        E       F      G
               +--------+--------+--------+--------+--------+-----+--------+
         Total |   5337 |   5223 |    114 |    418 |   3230 |   7 |  762.4 |
       Dungeon |   5273 |   5159 |    114 |    418 |   3185 |   6 |  878.8 |
        Temple |     63 |     63 |      0 |      0 |     45 |   1 |   63.0 |
               +--------+--------+--------+--------+--------+-----+--------+

Top non-repeatable levels by time:
     D:3: 1310 daAuts
     D:5: 1154 daAuts
     D:4: 1115 daAuts
     D:2: 950 daAuts
     D:1: 664 daAuts
     D:6: 78 daAuts
  Temple: 63 daAuts
